 Dungeon Crawl Stone Soup version 0.26.0-16-gc1dbca0489 (webtiles) character file.

Game seed: 17159734962063076854

927 vvl the Chopper (level 7, -1/61 HPs)
             Began as a Black Draconian Fighter on Jan 18, 2021.
             Slain by a worker ant (4 damage)
             ... on level 5 of the Dungeon.
             The game lasted 00:10:37 (3888 turns).

vvl the Chopper (Black Draconian Fighter)           Turns: 3888, Time: 00:10:37

Health: -1/61      AC:  6    Str: 19 (20) XL:     7   Next: 85%
Magic:  7/7        EV: 12    Int:  5 (8)  God:
Gold:   171        SH: 10    Dex: 15 (17) Spells: 6/6 levels left

rFire    . . .     SeeInvis .   a - +0 war axe
rCold    . . .     Faith    .   b - +0 kite shield
rNeg     . . .     Spirit   .   (armour unavailable)
rPois    .         Reflect  .   (helmet restricted)
rElec    +         Harm     .   (no cloak)
rCorr    .         Rampage  .   (no gloves)
Will     .....                  (no boots)
Stlth    +.........             (no amulet)
HPRegen  0.20/turn              e - +6 ring of dexterity
MPRegen  0.10/turn              (no ring)

@: lethally poisoned (-1 -> -2), short of breath, attractive
A: breathe lightning, unfitting armour, electricity resistance, cold-blooded, AC
+6
a: Breathe Lightning


You were on level 5 of the Dungeon.
You visited 1 branch of the dungeon, and saw 5 of its levels.

You collected 171 gold pieces.

Inventory:

Hand Weapons
 a - a +0 war axe (weapon)
Missiles
 q - 14 bolts
Armour
 b - a +0 kite shield (worn)
Jewellery
 e - a +6 ring of dexterity (left hand)
 i - an uncursed amulet of faith
 m - a cursed ring of teleportation {unknown}
Wands
 c - a wand of flame (28)
 p - a wand of iceblast (8)
Scrolls
 d - 3 scrolls of identify {unknown}
 l - 3 scrolls of enchant weapon {unknown}
 n - a scroll of immolation {unknown}
 o - 3 scrolls of remove curse {unknown}
 s - a scroll of teleportation {unknown}
Potions
 h - a potion of attraction
 j - a potion of haste {unknown}
 k - a potion of cancellation {unknown}
 r - a potion of flight {unknown}


   Skills:
 + Level 5.0 Fighting
 * Level 5.4 Axes
 + Level 4.2 Dodging
 + Level 4.5 Shields
 + Level 1.9 Air Magic
 - Level 0.6 Invocations
 + Level 3.2 Evocations


You had 6 spell levels left.
You didn't know any spells.
Your spell library was empty.

Dungeon Overview and Level Annotations

Branches:
Dungeon (5/15)
 Temple: D:4-7

Altars:
Dithmenos
Qazlal
Xom

Annotations:
D:5 Prince Ribbit


Innate Abilities, Weirdness & Mutations

You can breathe wild blasts of lightning.
Your glossy black scales are hard. (AC +6)
You cannot fit into any form of body armour.
You are resistant to electric shocks. (rElec)
You are cold-blooded and may be slowed by cold attacks.


Message History

You block the worker ant's attack.
You barely miss the worker ant. The worker ant misses you.
You slash the worker ant!
Your tail-slap misses the worker ant.
The worker ant is heavily wounded.
The worker ant bites you.
You are poisoned.
The worker ant poisons you! The worker ant bites you.
* * * LOW HITPOINT WARNING * * *
You barely miss the worker ant.
The worker ant is heavily wounded.
You feel sick. The worker ant bites you.
* * * LOW HITPOINT WARNING * * *
The worker ant bites you.
* * * LOW HITPOINT WARNING * * *
It was a potion of attraction.
You feel attractive to monsters.
You feel sick.
A ball python comes into view.
The worker ant bites you.
You die...

#...............#...##
########..#.###......##
. ##..............#.##
#..##.##............
#.###.##........#/# #.#
#.###.....S..... #.#
#<...).......... #.#
#####)..|....#.. ...
#@BZ[......... ...
#..##..........
...!...###.....###..
...### #.....# .. ##
#.....# #.....# .....#


You could see a worker ant, a ball python (wandering) and a leopard gecko
skeleton.

Vanquished Creatures
  Grinder (D:3)
  Edmund (D:5)
  An ogre (D:5)
  A centaur (D:3)
  A hound (D:4)
  4 orc priests (D:4)
  A bullfrog skeleton (D:5)
  Terence (D:3)
  An iguana (D:5)
  2 orc wizards
  A worker ant (D:4)
  4 adders
  A shadow imp (D:5)
  An ufetubus (D:5)
  2 worms (D:4)
  2 dart slugs
  3 leopard geckos
  8 orcs
  A ball python (D:3)
  2 giant cockroaches
  9 goblins
  3 hobgoblins
  12 kobolds
  4 quokkas
  9 bats
  6 frilled lizards
  A jackal skeleton (D:4)
  A quokka skeleton (D:5)
  A quokka zombie (D:5)
  4 rats
89 creatures vanquished.

Notes
Turn   | Place    | Note
-------+----------+-------------------------------------------
     0 | D:1      | vvl the Draconian Fighter began the quest for the Orb.
     0 | D:1      | Reached XP level 1. HP: 19/19 MP: 1/1
   215 | D:1      | Reached XP level 2. HP: 26/26 MP: 2/2
  1078 | D:2      | Reached XP level 3. HP: 31/31 MP: 3/3
  1647 | D:3      | Found a stormy altar of Qazlal.
  1827 | D:3      | Reached skill level 1 in Evocations
  1848 | D:3      | Reached XP level 4. HP: 40/40 MP: 4/4
  1891 | D:3      | Noticed a centaur
  1898 | D:3      | Killed a centaur
  1899 | D:3      | Reached XP level 5. HP: 35/46 MP: 5/5
  2119 | D:3      | Noticed Grinder
  2122 | D:3      | Paralysed by Grinder for 4 turns
  2132 | D:3      | Killed Grinder
  2133 | D:3      | Reached XP level 6. HP: 29/53 MP: 6/6
  2440 | D:3      | Noticed Terence
  2449 | D:3      | Killed Terence
  2610 | D:4      | Found a shimmering altar of Xom.
  3226 | D:4      | Your scales start taking on a glossy black colour.
  3226 | D:4      | Reached XP level 7. HP: 46/60 MP: 7/7
  3226 | D:4      | Gained mutation: You are resistant to electric shocks.
                  | (rElec) [Black Draconian growth]
  3709 | D:5      | Entered Level 5 of the Dungeon
  3805 | D:5      | Found a shadowy altar of Dithmenos.
  3816 | D:5      | Reached skill level 5 in Axes
  3816 | D:5      | Reached skill level 1 in Air Magic
  3835 | D:5      | Noticed Edmund
  3842 | D:5      | Killed Edmund
  3843 | D:5      | Reached skill level 5 in Fighting
  3848 | D:5      | Noticed Prince Ribbit
  3888 | D:5      | HP: 3/61 [poisoned by a worker ant]
  3888 | D:5      | Slain by a worker ant

Illustrated notes

Levels and vault maps discovered:
D:1:      moated_graveyard_arrival, layout_rooms, minmay_tree_intersection
D:2:      layout_loops_ring, minmay_tetromino_s4
D:3:      layout_loops_corners, nicolae_qazlal_eye_of_the_storm,
          chequers_avenue, uniq_grinder, uniq_terence
D:4:      layout_loops_ring, amcnicky_altar_gilded
D:5:      layout_rooms, nicolae_overflow_hidden_temple, lemuel_statue_altar,
          uniq_edmund, uniq_prince_ribbit1, uniq_pikel

Skill      XL: |  1  2  3  4  5  6  7 |
---------------+----------------------+-----
Dodging        | 3 4 |  4.2
Evocations     | 1 2 3 |  3.2
Axes           | 3 4 5 |  5.4
Fighting       | 4 5 |  5.0
Shields        | 4 |  4.5
Air Magic      | 1 |  1.9
Invocations    | |  0.6

Action                   |  1- 3 |  4- 6 |  7- 9 || total
-------------------------+-------+-------+-------++-------
Melee: War axe           |   114 |    85 |    73 ||   272
       Tailslap          |    12 |     8 |    10 ||    30
 Abil: Breathe Lightning |       |       |     6 ||     6
  Use: Potion            |       |     1 |     6 ||     7
 Stab: Sleeping          |     2 |     1 |     3 ||     6
       Distracted        |       |     1 |       ||     1
Armor: Skin              |    24 |    12 |    14 ||    50
Dodge: Dodged            |    41 |    36 |    45 ||   122
Block: Kite shield       |    51 |    46 |    38 ||   135
